AoeStats
← La Entrepierna de Exodia

Arabia

507368069Analyzed
1v1 RM · 16d ago on Sep 17, 2026· 19m 19s· 2 players
Game mode
Random Map
Map size
Tiny (2 player)
Population
200
Speed
Normal
Resources
Standard
Victory
Conquest
Starting age
Dark Age
Ending age
Imperial Age
RankedLock teamsTeams togetherTeam positionsShared explorationLock speedFull tech treeHidden civsTurbo modeCheats
Victory
Defeat
1280
+18
🇦🇷 Burmese · Argentina
1333
-18
La Entrepierna de Exodia
6:35 Loom
9:43 Feudal Age
10:37 Double-Bit Axe
14:12 Fletching
19:09 Padded Archer Armor
Golfetaa
6:39 Loom
9:35 Feudal Age
11:21 Bloodlines
18:05 Scale Barding Armor
Connection lost

Rejoining the realm…

Still unreachable

The connection could not be restored.

Session expired

The server has moved on; the page needs a fresh start.